 Dungeon Crawl Stone Soup version 0.28-a0-804-g60983d4ba9 (webtiles) character file.

Game seed: 9198210380730825904

3768 siradein the Skirmisher (level 9, -1/72 HPs)
             Began as a Demonspawn Fighter on Nov 8, 2021.
             Was a Follower of Fedhas.
             Slain by a wyvern (10 damage)
             ... on level 7 of the Dungeon.
             The game lasted 00:27:53 (7759 turns).

siradein the Skirmisher (Demonspawn Fighter)        Turns: 7759, Time: 00:27:54

Health: -1/72      AC: 16    Str: 17    XL:     9   Next: 94%
Magic:  0/13       EV:  5    Int: 14    God:    Fedhas [*.....]
Gold:   422        SH:  6    Dex: 19    Spells: 8/8 levels left

rFire   . . .      SeeInvis .   r - +2 spear (freeze)
rCold   + . .      Faith    .   c - +0 buckler
rNeg    . . .      Spirit   +   n - +0 plate armour of the Hurricane {rElec rC+ Str-2 Int+4}
rPois   .          Reflect  .   h - +2 helmet
rElec   +          Harm     .   (no cloak)
rCorr   .          Rampage  .   (no gloves)
Will    .....                   (no boots)
Stlth   ..........              (no amulet)
HPRegen 0.22/turn               w - +6 ring of dexterity
MPRegen 0.26/turn               (no ring)

@: no status effects
A: spiny 2, magic shield, magic regeneration
a: Renounce Religion


You were on level 7 of the Dungeon.
You worshipped Fedhas.
Fedhas was aware of your devotion.
You visited 2 branches of the dungeon, and saw 8 of its levels.

You collected 422 gold pieces.

Inventory:

Hand Weapons
 r - a +2 spear of freezing (weapon)
Missiles
 i - 12 poisoned darts (quivered)
Armour
 c - a +0 buckler (worn)
 h - a +2 helmet (worn)
 n - the +0 plate armour of the Hurricane (worn) {rElec rC+ Str-2 Int+4}
   (You found it on level 4 of the Dungeon)

   Str:       It affects your strength (-2).
   Int:       It affects your intelligence (+4).
   rC:        It protects you from cold.
   rElec:     It insulates you from electricity.
Jewellery
 w - a +6 ring of dexterity (left hand)
Wands
 a - a wand of flame (12)
 q - a wand of mindburst (9)
 s - a wand of paralysis (5)
Scrolls
 b - a scroll of acquirement {unknown}
 f - a scroll of blinking {unknown}
 j - a scroll of holy word {unknown}
 k - 2 scrolls of teleportation
 o - a scroll of noise {unknown}
 u - a scroll of fog {unknown}
 v - a scroll of identify {unknown}
Potions
 d - 2 potions of might
 e - 5 potions of curing
 g - 4 potions of degeneration {unknown}
 l - 2 potions of attraction {unknown}
 m - a potion of heal wounds {unknown}
 p - a potion of ambrosia {unknown}
 t - a potion of brilliance {unknown}


   Skills:
 + Level 7.4 Fighting
 + Level 6.4 Polearms
 + Level 6.8 Armour
 + Level 6.8 Shields
 + Level 5.5 Invocations


You had 8 spell levels left.
You didn't know any spells.
Your spell library contained the following spells:

 Spells                   Type           Power      Damage    Failure   Level
 Cause Fear               Hex            0%         N/A       100%        4
 Alistair's Intoxication  Tmut/Pois      0%         N/A       100%        5
 Silence                  Hex/Air        0%         N/A       100%        5
 Eringya's Noxious Bog    Tmut/Pois      0%         N/A       100%        6


Dungeon Overview and Level Annotations

Branches:
Dungeon (7/15)             Temple (1/1) D:5

Altars:
Cheibriados
Fedhas
Hepliaklqana
Kikubaaqudgha
Nemelex Xobeh
Uskayaw
Yredelemnul
Beogh

Annotations:
D:4 3 runed translucent doors, Leeroy's ghost, amateur OpTm
D:7 1 runed translucent door, Leeroy's ghost, novice DrTm


Innate Abilities, Weirdness & Mutations

You are mostly covered in sharp spines.
When hurt, damage is shared between your health and your magic reserves.
You regenerate magic rapidly.


Message History

A wyvern is nearby!
There is a large open door here.
You hit the wyvern but do no damage. The wyvern barely misses you.
You hit the wyvern. You freeze the wyvern.
The wyvern is moderately wounded.
The wyvern bites you! The wyvern is struck by your spines.
The wyvern bites you!
You hit the wyvern. You freeze the wyvern.
The wyvern is heavily wounded.
You block the wyvern's attack.
You hit the wyvern but do no damage.
The wyvern is heavily wounded.
The wyvern bites you.
You hit the wyvern but do no damage.
The wyvern is heavily wounded.
The wyvern bites you!
You hit the wyvern but do no damage.
The wyvern is heavily wounded.
The wyvern bites you!
You are too injured to fight recklessly!
You hit the wyvern but do no damage.
The wyvern is heavily wounded.
The wyvern is struck by your spines.
The wyvern bites you but does no damage.
You block the wyvern's attack.
The wyvern hisses menacingly.
The wyvern bites you. The wyvern bites you.
There is an open door here.
The wyvern bites you!
* * * LOW HITPOINT WARNING * * *
The wyvern bites you!
* * * LOW HITPOINT WARNING * * *
You barely miss the wyvern.
The wyvern is severely wounded.
The wyvern bites you.
* * * LOW HITPOINT WARNING * * *
The wyvern is struck by your spines. The wyvern bites you!
You die...
Fedhas appreciates your contribution to the ecosystem.

###.## ###### #....# #...(.
#....# #..... #....# #.....
#'# #..... ###'##### #.....
#.......# #.....
#.......#################.....
#.......'...l@..(.............
#.....†.#####################.
#.......#.....................
#.......#.####################
#########.# # #.# # #.# # #.#
# #.# #


You could see a wyvern.

Vanquished Creatures
  4 centaur zombies
  A steam dragon (D:7)
  2 water moccasins
  Duvessa (D:7)
  A black bear (D:6)
  4 sky beasts
  2 necrophages
  4 ogres
  3 centaurs
  2 phantoms
  A gnoll sergeant (D:5)
  A bullfrog (D:4)
  Dowan (D:7)
  2 scorpions (D:6)
  3 water moccasin zombies
  2 water moccasin skeletons (D:4)
  A howler monkey (D:7)
  5 orc priests
  3 hounds
  5 jellies
  A gnoll shaman (D:5)
  A bullfrog skeleton (D:4)
  A centaur skeleton (D:6)
  Jessica (D:3)
  An iguana (D:6)
  A hound skeleton (D:4)
  Robin (D:3)
  9 adders
  12 gnolls
  A shadow imp (D:6)
  A white imp (D:5)
  An ufetubus (D:4)
  2 worms
  4 dart slugs
  24 orcs
  9 ball pythons
  3 endoplasms (D:4)
  6 giant cockroaches
  12 hobgoblins
  3 quokkas
  4 bats
  4 frilled lizards
  13 goblins
  6 kobolds
  6 rats
175 creatures vanquished.

Notes
Turn   | Place    | Note
-------+----------+-------------------------------------------
     0 | D:1      | siradein the Demonspawn Fighter began the quest for the
                  | Orb.
     0 | D:1      | Reached XP level 1. HP: 18/18 MP: 1/1
   120 | D:1      | Found a faded altar of an unknown god.
   335 | D:1      | Gained mutation: You are partially covered in sharp spines.
                  | [demonic ancestry]
   335 | D:1      | Reached XP level 2. HP: 19/24 MP: 2/2
   566 | D:2      | Reached XP level 3. HP: 19/29 MP: 3/3
  1053 | D:2      | Reached XP level 4. HP: 30/35 MP: 4/4
  1329 | D:3      | Noticed Robin
  1517 | D:3      | Killed Robin
  1762 | D:3      | Gained mutation: You regenerate magic rapidly. [demonic
                  | ancestry]
  1762 | D:3      | Reached XP level 5. HP: 32/42 MP: 5/5
  1906 | D:3      | Noticed an ogre
  1922 | D:3      | Killed an ogre
  1923 | D:3      | Reached skill level 4 in Fighting
  2210 | D:3      | Noticed Jessica
  2218 | D:3      | Killed Jessica
  2468 | D:4      | Reached XP level 6. HP: 43/48 MP: 6/6
  2557 | D:4      | Noticed a water moccasin
  2568 | D:4      | Killed a water moccasin
  2796 | D:4      | Identified the +0 plate armour of the Hurricane {rElec rC+
                  | Str-2 Int+4}
  2885 | D:4      | Gained mutation: You are mostly covered in sharp spines.
                  | [demonic ancestry]
  2885 | D:4      | Reached XP level 7. HP: 15/55 MP: 7/7
  3315 | D:4      | Found a runed translucent gate.
  3315 | D:4      | Noticed Leeroy's ghost (amateur OpTm)
  3316 | D:4      | Found a runed translucent gate.
  3316 | D:4      | Identified the +0 chain mail of Agoraphobia {rF- rCorr
                  | Int+6 Dex+2}
  3316 | D:4      | Identified the +0 scale mail of Defiance {Dex+6}
  3317 | D:4      | Found a runed translucent gate.
  3446 | D:4      | Reached skill level 5 in Fighting
  3746 | D:4      | Reached skill level 5 in Shields
  4077 | D:4      | Reached skill level 5 in Armour
  4077 | D:4      | Reached XP level 8. HP: 63/63 MP: 8/8
  4108 | D:5      | Entered Level 5 of the Dungeon
  4765 | D:5      | Found a staircase to the Ecumenical Temple.
  4773 | D:5      | Got the Incunabulum of Venom and Hexes
  4781 | Temple   | Entered the Ecumenical Temple
  4786 | Temple   | Became a worshipper of Fedhas Madash
  4888 | D:5      | Reached skill level 5 in Polearms
  4911 | D:5      | Reached skill level 6 in Fighting
  4941 | D:5      | Reached skill level 1 in Invocations
  5525 | D:6      | Found a hazy altar of Hepliaklqana.
  5889 | D:6      | Noticed a red ugly thing
  6199 | D:6      | Gained mutation: When hurt, damage is shared between your
                  | health and your magic reserves. [demonic ancestry]
  6199 | D:6      | Reached XP level 9. HP: 65/71 MP: 11/11
  6257 | D:6      | Reached * piety under Fedhas
  6523 | D:6      | Reached skill level 7 in Fighting
  7229 | D:7      | Reached skill level 5 in Invocations
  7325 | D:7      | Found a runed translucent door.
  7325 | D:7      | Noticed Leeroy's ghost (novice DrTm)
  7325 | D:7      | Noticed a centaur warrior
  7631 | D:7      | Noticed Duvessa
  7632 | D:7      | Noticed Dowan
  7654 | D:7      | Killed Duvessa
  7659 | D:7      | Killed Dowan
  7759 | D:7      | Slain by a wyvern

Illustrated notes

Levels and vault maps discovered:
D:1:      giann_bridges, layout_basic, shapermc_ecumenical_altar_venn
D:2:      layout_rooms, minmay_tetromino_s4
D:3:      layout_rooms, kennysheep_decorative_pillar, grunt_decor_resistance,
          uniq_robin, uniq_jessica
D:4:      minmay_razor_zed, layout_basic, biasface_ghost_orc_armoury
D:5:      layout_loops_ring, minmay_temple_entry_water_ring
D:6:      cheibrodos_barr_body, layout_gridville, lemuel_tele_altar
D:7:      layout_basic, ebering_ghost_inner_flame, uniq_pikel, uniq_duvessa
Temple:   nicolae_temple_the_god_donut

Skill      XL: |  1  2  3  4  5  6  7  8  9 |
---------------+----------------------------+-----
Polearms       | 2 3 4 5 6 |  6.4
Armour         | 3 4 5 6 |  6.8
Shields        | 3 4 5 6 |  6.8
Fighting       | 4 5 6 7 |  7.4
Invocations    | 3 5 |  5.5

Action                   |  1- 3 |  4- 6 |  7- 9 || total
-------------------------+-------+-------+-------++-------
Melee: Trident           |    86 |   109 |   185 ||   380
       Spear             |       |       |   214 ||   214
Throw: Dart              |       |     3 |       ||     3
  Use: Potion            |       |     1 |       ||     1
       Scroll            |       |       |     1 ||     1
Armor: Scale mail        |    28 |    21 |       ||    49
       Chain mail        |       |    12 |       ||    12
       Plate armour      |       |    10 |   193 ||   203
Dodge: Dodged            |    23 |    31 |    56 ||   110
Block: Buckler           |    13 |    29 |    72 ||   114

Table legend: (Time is in decaauts)
 A = Elapsed time spent in this place.
 B = Non-inter-level travel time spent in this place.
 C = Inter-level travel time spent in this place.
 D = Time resting spent in this place.
 E = Time spent auto-exploring this place.
 F = Levels seen in this place.
 G = Mean time per level.
                   A        B        C        D        E       F      G
               +--------+--------+--------+--------+--------+-----+--------+
         Total |   7783 |   7613 |    170 |    692 |   5482 |   8 |  972.9 |
       Dungeon |   7773 |   7603 |    170 |    692 |   5482 |   7 | 1110.4 |
        Temple |     10 |     10 |      0 |      0 |      0 |   1 |   10.0 |
               +--------+--------+--------+--------+--------+-----+--------+

Top non-repeatable levels by time:
     D:4: 1839 daAuts
     D:6: 1426 daAuts
     D:5: 1293 daAuts
     D:2: 985 daAuts
     D:3: 954 daAuts
     D:7: 738 daAuts
     D:1: 536 daAuts
  Temple: 10 daAuts
